 Dungeon Crawl Stone Soup version 0.15.0-23-gc2b521c (console) character file.

142 gw the Skirmisher (level 5, -1/47 HPs)
             Began as a Minotaur Fighter on Sept 8, 2014.
             Slain by Pikel
             ... wielding a +1 whip of electrocution
              (8 damage)
             ... on Level 4 of the Dungeon.
             The game lasted 00:02:05 (3478 turns).

gw the Skirmisher (Minotaur Fighter)                Turns: 3478, Time: 00:02:05

HP  -1/47        AC 11     Str 21      XL: 5   Next:  3%
MP   2/2         EV  7     Int  7      God:
Gold 0           SH  0     Dex 10      Spells:  0 memorised,  4 levels left

rFire  . . .     SeeInvis .     a - +0 flail
rCold  . . .     Clarity  .     l - +0 chain mail
rNeg   . . .     rCorr    .     (no shield)
rPois  .         rRot     .     (helmet restricted)
rElec  .         Spirit   .     (no cloak)
SustAb .         Warding  .     (no gloves)
rMut   .         Stasis   .     (no boots)
Gourm  .                        (no amulet)
MR     +....                    (no ring)
                                k - ring of protection from magic

@: lethally poisoned, very slightly contaminated, somewhat resistant to hostile
enchantments, extremely unstealthy
A: retaliatory headbutt, horns 2, slimy green scales 1, breathe flames 1, clever
1
a: Breathe Fire


You were on level 4 of the Dungeon.
You were very hungry.

You visited 1 branch of the dungeon, and saw 4 of its levels.

Inventory:

Hand weapons
 a - a +0 flail (weapon)
Missiles
 e - 85 stones (quivered)
 f - 4 tomahawks
Armour
 l - a +0 chain mail (worn)
Comestibles
 d - 3 bread rations
 g - a slice of pizza
 h - 3 fruits
 j - 2 meat rations
Scrolls
 c - 4 scrolls of remove curse
Jewellery
 k - a ring of protection from magic (left hand)
Potions
 b - a potion of invisibility


   Skills:
 + Level 4.6 Fighting
 * Level 4.2 Maces & Flails
 + Level 2.0 Throwing
 + Level 4.4 Armour
   Level 3.6 Shields


You had 4 spell levels left.
You didn't know any spells.

Dungeon Overview and Level Annotations

Branches:
Dungeon (4/15)
 Temple: D:4-7

Altars:
Kikubaaqudgha
Qazlal

Annotations:
D:1 exclusion: downstairs
D:3 gw's ghost, experienced MiFi
D:4 Firebatgyro's ghost, average HuDK; Pikel


Innate Abilities, Weirdness & Mutations

You reflexively headbutt those who attack you in melee.
You have a pair of horns on your head.
You are partially covered in slimy green scales (AC +2).
You can breathe flames.
Your mind is acute. (Int +2)


Message History

MOVING TO (0,2) MOVING TO (0,1) MOVING TO (3,1)
You feel sick.
MOVING TO (2,1) MOVING TO (1,1) MOVING TO (2,-3) MOVING TO (2,-2)
You feel sick.
MOVING TO (1,-1) MOVING TO (-8,1)
The slave hits you.
MOVING TO (-7,1)
The slave barely misses you. You furiously retaliate!
You headbutt the slave!
MOVING TO (-6,0)
You feel sick. Pikel hits you but does no damage.
You are electrocuted!
MOVING TO (-5,0)
The slave barely misses you. You furiously retaliate!
You headbutt the slave! Pikel hits you but does no damage.
You are electrocuted!
You die...

......#..........
.......#.....#####
#.....#####
####..######
#.........#
#%..p.....#
+...>s....#
#....pKp..#
#.>..Hp...#
#.......###
#.......#
#########


You could see Pikel, 4 slaves and a scorpion.

Table legend:
 A = Turns spent in this place as a percentage of turns spent in the entire game.
 B = Non-inter-level travel turns spent in this place as a percentage of non-inter-level travel turns spent in the entire game.
 C = Inter-level travel turns spent in this place as a percentage of turns spent in this place.
 D = Turns resting spent in this place as a percentage of non-inter-level travel turns spent in this place.
 E = Turns spent auto-exploring this place as a percentage of non-inter-level travel turns spent in this place.
 F = Non-inter-level travel turns spent in this place divided by the number of levels of this place that you've seen.
                   A       B       C       D       E      F
               +-------+-------+-------+-------+-------+----------------------
         Total | 100.0 | 100.0 |   1.2 |   5.4 |  12.4 | 243.8
       Dungeon | 100.0 | 100.0 |   1.2 |   5.4 |  12.4 | 243.8
               +-------+-------+-------+-------+-------+----------------------

Table legend:
 A = Kills in this place as a percentage of kills in entire the game.
 B = Kills by you in this place as a percentage of kills by you in the entire game.
 C = Kills by friends in this place as a percentage of kills by friends in the entire game.
 D = Other kills in this place as a percentage of other kills in the entire game.
 E = Experience gained in this place as a percentage of experience gained in the entire game.
 F = Experience gained in this place divided by the number of levels of this place that you have seen.
                   A       B       C       D       E      F
               +-------+-------+-------+-------+-------+----------------------
         Total | 100.0 | 100.0 |  -nan |  -nan | 100.0 |  50.8
       Dungeon | 100.0 | 100.0 |  -nan |  -nan | 100.0 |  50.8
               +-------+-------+-------+-------+-------+----------------------

Vanquished Creatures
  Ijyb (D:3)
  Terence (D:3)
  2 gnolls
  3 adders
  2 worms
  3 giant geckos
  A giant cockroach (D:1)
  9 hobgoblins
  4 quokkas
  7 bats
  4 giant newts
  6 goblins
  4 kobolds
  11 rats
58 creatures vanquished.

Notes
Turn   | Place    | Note
--------------------------------------------------------------
     0 | D:1      | gw, the Minotaur Fighter, began the quest for the Orb.
     0 | D:1      | Reached XP level 1. HP: 19/19 MP: 1/1
   202 | D:1      | Reached XP level 2. HP: 24/27 MP: 1/1
   775 | D:1      | Reached skill level 4 in Fighting
   980 | D:2      | Reached skill level 1 in Throwing
  1171 | D:2      | Reached XP level 3. HP: 33/33 MP: 2/2
  1764 | D:1      | Gained mutation: You can breathe flames. [potion of mutation]
  1764 | D:1      | Gained mutation: Your mind is acute. (Int +2) [potion of mutation]
  1764 | D:1      | Gained mutation: You are partially covered in slimy green scales (AC +2). [potion of mutation]
  2095 | D:2      | Reached XP level 4. HP: 41/41 MP: 2/2
  2538 | D:3      | Found an ancient bone altar of Kikubaaqudgha.
  2596 | D:3      | Noticed gw's ghost (experienced MiFi)
  2599 | D:3      | Noticed Ijyb
  2849 | D:3      | Killed Ijyb
  3012 | D:3      | Noticed Terence
  3059 | D:3      | Killed Terence
  3059 | D:3      | Reached XP level 5. HP: 36/47 MP: 2/2
  3359 | D:4      | Noticed Firebatgyro's ghost (average HuDK)
  3360 | D:4      | Found a stormy altar of Qazlal.
  3365 | D:4      | Noticed a slave
  3365 | D:4      | Noticed a slave
  3365 | D:4      | Noticed a slave
  3366 | D:4      | Noticed Pikel
  3367 | D:4      | Noticed a slave
  3478 | D:4      | Slain by Pikel

Action                   |  1- 3 |  4- 6 || total
-------------------------+-------+-------++-------
Melee: Flail             |    65 |    41 ||   106
Throw: Stone             |    66 |    98 ||   164
 Abil: Breathe Fire      |     1 |     8 ||     9
  Use: Potion            |     5 |     3 ||     8
       Scroll            |     3 |     7 ||    10
  Eat: Chunk             |     4 |     5 ||     9

Vault maps used:
D:1:      grunt_arrival_lava_bath, lemuel_another_geyser
D:2:      serial_bayou_pond_a
D:3:      kiku_gazebo_garden_becter, uniq_iyjb, uniq_terence
D:4:      grunt_qazlal_clouds, corexii_hall_statues_i, uniq_pikel
